 Dungeon Sprint DCSS version 0.30-a0-272-gf98c3da03f (webtiles) character file.

Game seed: 6459595913061438894

2331 rocky1 the Fighter (level 9, -3/76 HPs)
             Began as a Djinni Fire Elementalist on Oct 16, 2022.
             Was an Initiate of Gozag.
             Slain by a two-headed ogre
             ... wielding a +0 giant spiked club
              (23 damage)
             ... in the Dungeon (Sprint III: "The Ten Rune Challenge").
             The game lasted 00:06:29 (1108 turns).

rocky1 the Fighter (Djinni Fire Elementalist)       Turns: 1108, Time: 00:06:31

Health: -3/76      AC:  5    Str:  7    XL:     9   Next: 70%
Gold:   825        EV: 16    Int: 17    God:    Gozag SH:  0 Dex: 18

rFire   + + +      SeeInvis .    l - +0 long sword (holy)
rCold   x . .      Faith    .    (no shield)
rNeg    . . .      Spirit   .    n - +2 leather armour {rF+}
rPois   ∞          Reflect  .    (no helmet)
rElec   .          Harm     .    (no cloak)
rCorr   .          Rampage  .    (no gloves)
Will    .....      NoTele   +    (boots unavailable)
Stlth   ++........               (no amulet)
HPRegen 0.32/turn                (no ring)
MPRegen 0.00/turn                (no ring)

@: gold aura, flying
A: sickness immunity, fire resistance 2, cold vulnerability 1, float, innate
caster, HP casting, extra vitality 1
a: Renounce Religion, Potion Petition, Call Merchant, Bribe Branch


You were in the Dungeon.
You worshipped Gozag.
Gozag was pleased with you.
You visited 1 branch You collected 825 gold pieces.

Inventory:

Hand Weapons
 l - a +0 long sword of holy wrath (weapon)
Armour
 a - a +0 robe
 g - a +0 leather armour
 n - a +2 leather armour of fire resistance (worn)
Wands
 m - a wand of polymorph (7)
Scrolls
 f - a scroll of blinking
 i - 2 scrolls of torment {unknown}
 j - 3 scrolls of identify
Potions
 b - 2 potions of curing
 c - a potion of heal wounds
 d - a potion of haste
 e - a potion of berserk rage
 h - 4 potions of mutation {unknown}
 k - a potion of might


   Skills:
 + Level 11.2 Fighting
 * Level 7.6 Long Blades
 + Level 6.9 Armour
 + Level 8.0 Dodging
 - Level 1.5 Stealth
 - Level 9.9 Spellcasting


You had 5 spell levels left.
You knew the following spells:

 Your Spells              Type           Power      Damage    Failure   Level
a - Foxfire               Conj/Fire      100%       2x1d9     1%          1
b - Scorch                Fire           84%        2d9       1%          2
c - Stone Arrow           Conj/Erth      84%        3d12      1%          3
d - Inner Flame           Hex/Fire       42%        N/A       1%          3
e - Flame Wave            Conj/Fire      42%        2d11      1%          4
f - Sting                 Tmut/Pois      100%       1d8       1%          1
g - Ensorcelled Hibernat  Hex/Ice        84%        N/A       1%          2
h - Portal Projectile     Hex/Tloc       84%        N/A       1%          3
i - Kindle Blastsparks    Fire/Tloc/Air  84%        2d17      1%          3
Your spell library was empty.

Dungeon Overview and Level Annotations

Branches:
Dungeon (1/1)

Altars:
Cheibriados
Dithmenos
Elyvilon
Fedhas
Gozag
Hepliaklqana
Makhleb
Nemelex Xobeh
Okawaru
Qazlal
Ru
Trog
Uskayaw
Wu Jian
Xom
Yredelemnul
Zin
The Shining One
Jiyva
Lugonu


Innate Abilities, Weirdness & Mutations

You are immune to sickness and miasma.
You are immune to poison.
Your flesh is very heat resistant. (rF++)
You are vulnerable to cold. (rC-)
You float through the air rather than walking.
You learn spells naturally, not from books.
Your magical power is your life essence.
You have superior vitality. (+4 MHP)


Message History

Flames lash Erolcha.
Erolcha is burned terribly!
Erolcha is heavily wounded.
Erolcha mumbles some strange words.
Casting: Scorch (safe; 1% risk of failure)
Confirm with . or Enter, or press ? or * to list all spells.
Flames lash Erolcha.
Erolcha is burned terribly!
Erolcha is severely wounded.
Erolcha casts a spell.
Erolcha flickers and vanishes!
Deactivating autopickup; reactivate with Ctrl-A.
Casting: Scorch (safe; 1% risk of failure)
Confirm with . or Enter, or press ? or * to list all spells.
Flames lash the two-headed ogre.
The two-headed ogre is burned terribly!
The two-headed ogre is moderately wounded.
You hear some strange, mumbled words.
Casting: Scorch (safe; 1% risk of failure)
Confirm with . or Enter, or press ? or * to list all spells.
Flames lash the two-headed ogre.
The two-headed ogre is burned terribly!
The two-headed ogre is moderately wounded.
Something hits you!!
Casting: Scorch (safe; 1% risk of failure)
Confirm with . or Enter, or press ? or * to list all spells.
Flames lash something.
The two-headed ogre misses you. The two-headed ogre barely misses you.
Casting: Scorch (safe; 1% risk of failure)
Confirm with . or Enter, or press ? or * to list all spells.
Flames lash something.
Reactivating autopickup.
You feel a bit more experienced.
Your Fighting skill increases to level 11!
Your Long Blades skill increases to level 7!
Your Dodging skill increases to level 8!
Casting: Scorch (safe; 1% risk of failure)
Confirm with . or Enter, or press ? or * to list all spells.
Flames lash the two-headed ogre but do no damage.
The two-headed ogre hits you with a +0 giant spiked club!
* * * LOW HITPOINT WARNING * * *
The two-headed ogre hits you with a +0 giant spiked club!!
You die...
Your body crumbles into a pile of gold.

##### $$ $ _#__#$ $
$ $ .#._# $ $$
##'##$$ ....#$$ $
.)..#$ $$$ $ $
###'#$ $ $ $ $
#...#+##############
#...#....#.#.#.$@O.#
#...##.#..#.##.###.#
#...'##.#.#.##)# .##
'...#...#..#..##.O
▓▓▓▓▓▓▓▓▓▓▓▓▓▓▓▓▓▓


You could see a two-headed ogre (combustible).

Vanquished Creatures
  Erolcha (D)
  A deep elf pyromancer (D)
  A shadow (D)
  A spatial vortex (D)
  4 two-headed ogres (D)
  A necrophage (D)
  A scorpion (D)
  A water elemental (D)
  A jelly (D)
  A wizard (D)
  A necromancer (D)
  A kobold demonologist (D)
  3 humans (D)
  An endoplasm (D)
  3 rats (D)
22 creatures vanquished.

Vanquished Creatures (others)
  44 foxfires (D)
44 creatures vanquished.

Grand Total: 66 creatures vanquished

Notes
Turn   | Place    | Note
-------+----------+-------------------------------------------
     0 | D        | rocky1 the Djinni Fire Elementalist began the quest for the
                  | Orb.
     0 | D        | rocky1 set off with the following spells memorised:
                  | Foxfire, Scorch, Kindle Blastsparks, Inner Flame, Flame
                  | Wave.
     0 | D        | Reached XP level 1. HP: 15/15 MP: 0/0
     8 | D        | Reached skill level 1 in Fighting
    57 | D        | Reached skill level 2 in Fighting
    57 | D        | Reached XP level 2. HP: 13/24 MP: 0/0
    57 | D        | Reached XP level 3. HP: 16/29 MP: 0/0
    57 | D        | Learned a level 1 spell: Sting
    60 | D        | Noticed a scorpion
    66 | D        | Killed a scorpion
    67 | D        | Reached skill level 4 in Fighting
    67 | D        | Reached skill level 5 in Spellcasting
    67 | D        | Reached XP level 4. HP: 16/38 MP: 0/0
   327 | D        | Noticed a water elemental
   331 | D        | Killed a water elemental
   332 | D        | Reached skill level 5 in Fighting
   332 | D        | Reached XP level 5. HP: 27/43 MP: 0/0
   332 | D        | Learned a level 2 spell: Ensorcelled Hibernation
   497 | D        | Found a glowing silver altar of Zin.
   497 | D        | Found a glowing golden altar of the Shining One.
   497 | D        | Found a white marble altar of Elyvilon.
   497 | D        | Noticed a deep elf pyromancer
   502 | D        | Killed a deep elf pyromancer
   503 | D        | Reached skill level 8 in Fighting
   503 | D        | Reached XP level 6. HP: 32/55 MP: 0/0
   503 | D        | Reached XP level 7. HP: 35/60 MP: 0/0
   503 | D        | Learned a level 3 spell: Portal Projectile
   604 | D        | Noticed a shadow
   607 | D        | Killed a shadow
   608 | D        | Reached skill level 9 in Fighting
   608 | D        | Reached XP level 8. HP: 36/67 MP: 0/0
   713 | D        | Found a blossoming altar of Fedhas.
   713 | D        | Found a stormy altar of Qazlal.
   713 | D        | Found a snail-covered altar of Cheibriados.
   713 | D        | Found a burning altar of Makhleb.
   713 | D        | Found a shimmering altar of Xom.
   714 | D        | Found a hazy altar of Hepliaklqana.
   714 | D        | Found an opulent altar of Gozag.
   714 | D        | Found a sparkling altar of Nemelex Xobeh.
   714 | D        | Found a corrupted altar of Lugonu.
   714 | D        | Found a viscous altar of Jiyva.
   731 | D        | Became a worshipper of Gozag Ym Sagoz the Greedy
   747 | D        | Found a basalt altar of Yredelemnul.
   747 | D        | Found a shadowy altar of Dithmenos.
   747 | D        | Found a sacrificial altar of Ru.
   764 | D        | Found a hide-covered altar of Uskayaw.
   764 | D        | Found an iron altar of Okawaru.
   764 | D        | Found a bloodstained altar of Trog.
   764 | D        | Found an ornate altar of the Wu Jian Council.
   764 | D        | Noticed a human
   766 | D        | Noticed a human
   768 | D        | Killed a human
   769 | D        | Reached skill level 5 in Dodging
   772 | D        | Killed a human
   773 | D        | Reached skill level 10 in Fighting
   870 | D        | Reached skill level 5 in Armour
   875 | D        | Reached skill level 5 in Long Blades
   875 | D        | Reached XP level 9. HP: 55/75 MP: 0/0
   875 | D        | Learned a level 3 spell: Stone Arrow
   973 | D        | Noticed a two-headed ogre
   979 | D        | Killed a two-headed ogre
  1096 | D        | Noticed Erolcha
  1096 | D        | Noticed a two-headed ogre
  1107 | D        | Killed Erolcha
  1108 | D        | Reached skill level 11 in Fighting
  1108 | D        | Slain by a two-headed ogre

Illustrated notes

Levels and vault maps discovered:
D:        dungeon_sprint_mu [sprint_mu_entry_forest, sprint_mu_temple_rooms,
          sprint_mu_d1_spiders, sprint_mu_d2_genie, sprint_mu_d3_branching,
          sprint_mu_orc_legion, sprint_mu_elf_gauntlet, sprint_mu_hive_nellie,
          sprint_mu_lair_fedhas, sprint_mu_vaults_butterflies,
          sprint_mu_slime_circle, sprint_mu_shoals_archi,
          sprint_mu_snake_twists, sprint_mu_blade_basic,
          sprint_mu_crypt_fortress, sprint_mu_tomb_spiral,
          sprint_mu_vestibule_basic, sprint_mu_gehenna_hellfire,
          sprint_mu_dis_giant, sprint_mu_tartarus_statrot,
          sprint_mu_cocytus_islands, sprint_mu_zot1]

Skill      XL: |  1  2  3  4  5  6  7  8  9 |
---------------+----------------------------+-----
Fighting       | 2 4 5 8 9 10 11 | 11.2
Spellcasting   | 4 5 6 9 |  9.9
Long Blades    | 2 5 7 |  7.6
Armour         | 2 5 6 |  6.9
Dodging        | 3 6 8 |  8.0
Stealth        | |  1.5

Action                   |  1- 3 |  4- 6 |  7- 9 || total
-------------------------+-------+-------+-------++-------
Melee: Unarmed           |     1 |       |       ||     1
       Long sword        |       |       |    10 ||    10
 Cast: Foxfire           |    20 |       |     9 ||    29
       Scorch            |       |     9 |    40 ||    49
       Stone Arrow       |       |       |     2 ||     2
Dodge: Dodged            |     3 |     2 |    15 ||    20

Table legend: (Time is in decaauts)
 A = Elapsed time spent in this place.
 B = Non-inter-level travel time spent in this place.
 C = Inter-level travel time spent in this place.
 D = Time resting spent in this place.
 E = Time spent auto-exploring this place.
 F = Levels seen in this place.
 G = Mean time per level.
                   A        B        C        D        E       F      G
               +--------+--------+--------+--------+--------+-----+--------+
         Total |   1110 |   1110 |      0 |    731 |      0 |   1 | 1110.0 |
       Dungeon |   1110 |   1110 |      0 |    731 |      0 |   1 | 1110.0 |
               +--------+--------+--------+--------+--------+-----+--------+

Top non-repeatable levels by time:
       D: 1110 daAuts
